 Dungeon Crawl Stone Soup version 0.29-a0-221-gceb61267dd (webtiles) character file.

Game seed: 1965856911119592925

2130 cyrus the Chopper (level 9, -3/46 HPs)
             Began as a Vine Stalker Fighter on Feb 26, 2022.
             Was a Priest of Dithmenos.
             Slain by an orc warrior
             ... wielding a +0 scimitar
              (8 damage)
             ... on level 7 of the Dungeon.
             The game lasted 00:16:45 (6732 turns).

cyrus the Chopper (Vine Stalker Fighter)            Turns: 6732, Time: 00:16:45

Health: -3/46      AC: 13    Str: 19    XL:     9   Next: 30%
Magic:  0/10       EV:  5    Int: 12    God:    Dithmenos [***...]
Gold:   294        SH: 16    Dex: 20    Spells: 8/8 levels left

rFire   . . .      SeeInvis .   a - +0 war axe
rCold   . . .      Faith    .   y - +0 kite shield
rNeg    . . .      Spirit   +   u - +0 plate armour
rPois   .          Reflect  +   (no helmet)
rElec   .          Harm     .   (no cloak)
rCorr   .          Rampage  .   t - +0 pair of gloves
Will    +....                   (no boots)
Stlth   ..........              k - amulet of reflection
HPRegen 0.95/turn               q - +6 ring of dexterity
MPRegen 0.12/turn               (no ring)

@: wreathed by umbra
A: fangs 3, regeneration 1, magic shield, antimagic bite, no potion heal 2
a: Renounce Religion, Shadow Step


You were on level 7 of the Dungeon.
You worshipped Dithmenos.
Dithmenos was most pleased with you.
You visited 2 branches of the dungeon, and saw 8 of its levels.

You collected 294 gold pieces.

Inventory:

Hand Weapons
 a - a +0 war axe (weapon)
Missiles
 h - 11 javelins (quivered)
 w - 3 throwing nets
Armour
 b - a +0 scale mail
 c - a +0 buckler
 n - a +0 chain mail
 t - a +0 pair of gloves (worn)
 u - a +0 plate armour (worn)
 y - a +0 kite shield (worn)
Jewellery
 k - an amulet of reflection (around neck)
 q - a +6 ring of dexterity (left hand)
 s - a ring of fire
Wands
 l - a wand of iceblast (3)
Scrolls
 g - 2 scrolls of magic mapping
 v - 3 scrolls of vulnerability {unknown}
 x - 4 scrolls of identify
 z - a scroll of blinking {unknown}
 A - a scroll of brand weapon {unknown}
Potions
 d - a potion of lignification {unknown}
 e - 2 potions of heal wounds {unknown}
 f - 2 potions of ambrosia {unknown}
 i - a potion of attraction
 j - a potion of haste {unknown}
 m - a potion of flight {unknown}
 o - a potion of berserk rage {unknown}
 p - 4 potions of mutation
 r - 4 potions of curing {unknown}
 B - a potion of degeneration {unknown}


   Skills:
 + Level 4.7 Fighting
 + Level 7.2 Axes
 + Level 5.7 Armour
 + Level 1.2 Dodging
 + Level 1.4 Stealth
 + Level 5.0 Shields
 + Level 0.2 Evocations


You had 8 spell levels left.
You didn't know any spells.
Your spell library contained the following spells:

 Spells                   Type           Power      Damage    Failure   Level
 Conjure Flame            Conj/Fire      0%         6-21      100%        3
 Ignite Poison            Fire/Tmut/Pois 0%         N/A       100%        3
 Sticky Flame             Conj/Fire      0%         2d3       100%        4
 Borgnjor's Revivificati  Necr           0%         N/A       100%        8
 Necromutation            Tmut/Necr      0%         N/A       100%        8
 Death's Door             Necr           0%         N/A       100%        9


Dungeon Overview and Level Annotations

Branches:
Dungeon (7/15)             Temple (1/1) D:6

Altars:
Ashenzari
Cheibriados
Dithmenos
Elyvilon
Fedhas
Gozag
Kikubaaqudgha
Makhleb
Nemelex Xobeh
Okawaru
Qazlal
Ru
Sif Muna
Trog
Uskayaw
Vehumet
Wu Jian
Xom
Yredelemnul
Zin
The Shining One

Shops:
D:2 (


Innate Abilities, Weirdness & Mutations

You have razor-sharp teeth.
Your natural rate of healing is unusually fast.
When hurt, damage is shared between your health and your magic reserves.
Your bite disrupts and absorbs the magic of your enemies.
Potions cannot restore your health.


Message History

You block the orc warrior's attack.
The orc warrior hits you with a +0 scimitar!
An orc comes into view. It is wielding a +0 dagger.
You slash the orc warrior! Your bite misses the orc warrior.
The orc warrior is moderately wounded.
You block the orc warrior's attack. x2
You hit the orc warrior. You bite the orc warrior! You drain its power.
You feel invigorated.
The orc warrior is almost dead.
The orc priest calls upon Beogh to heal the orc warrior.
The orc warrior is healed somewhat.
You block the orc warrior's attack.
You hit the orc warrior. You bite the orc warrior. You drain its power.
The orc warrior is almost dead.
You block the orc warrior's attack.
You hit the orc warrior but do no damage.
You bite the orc warrior, but do no damage.
The orc warrior is almost dead.
The orc warrior hits you with a +0 scimitar!
You hit the orc warrior but do no damage.
You bite the orc warrior, but do no damage.
The orc warrior is severely wounded.
The orc warrior hits you with a +0 scimitar!
You hit the orc priest.
The orc priest is lightly wounded.
You closely miss the orc warrior.
The orc warrior hits you with a +0 scimitar!
You block the orc priest's attack.
You closely miss the orc. Your bite misses the orc.
You hit the orc warrior but do no damage.
You hit the orc priest. You block the orc's attack.
The orc warrior hits you with a +0 scimitar!
* * * LOW HITPOINT WARNING * * *
You block the orc priest's attack. The orc hits you but does no damage.
You block the orc warrior's attack.
The orc priest hits you but does no damage.
The orc priest mumbles some strange prayers to Beogh against you.
Beogh smites you!
* * * LOW HITPOINT WARNING * * *
The orc warrior hits you with a +0 scimitar!
You die...

########### #<........#
#.........#######........#
#.............)..........+
#.........#######........#
#.........# ##########
#.........# #......#
#.........# #......#
#.........########......####...
#.........'.....@oo............
#.........########o.....#######
########### #......# #......#
#......# ########


You could see an orc warrior, an orc priest and an orc.

Vanquished Creatures
  Sigmund (D:2)
  2 water moccasins
  An ice beast (D:5)
  A sky beast (D:5)
  2 black bears
  A necrophage (D:6)
  2 ogres (D:6)
  2 centaurs
  A kobold brigand (D:6)
  3 scorpions
  2 hounds
  3 jellies
  An orc priest (D:4)
  A gnoll shaman (D:6)
  6 iguanas
  Natasha (twice) (D:3)
  3 orc wizards
  12 gnolls
  4 adders
  An ufetubus (D:4)
  2 worms
  A dart slug (D:1)
  7 orcs
  8 ball pythons
  3 endoplasms
  5 giant cockroaches
  5 goblins
  5 hobgoblins
  11 jackals (D:1)
  A quokka (D:1)
  9 bats
  2 frilled lizards
  13 kobolds
  6 rats
129 creatures vanquished.

Notes
Turn   | Place    | Note
-------+----------+-------------------------------------------
     0 | D:1      | cyrus the Vine Stalker Fighter began the quest for the Orb.
     0 | D:1      | Reached XP level 1. HP: 11/11 MP: 2/2
   286 | D:1      | Reached XP level 2. HP: 5/16 MP: 1/3
   331 | D:1      | Reached skill level 2 in Axes
  1074 | D:1      | Reached XP level 3. HP: 20/20 MP: 4/4
  1163 | D:1      | Found a faded altar of an unknown god.
  1167 | D:1      | Prayed at the altar of an unknown god.
  1167 | D:1      | Became a worshipper of Dithmenos the Shadowed
  1167 | D:1      | Reached * piety under Dithmenos
  1628 | D:2      | Noticed Sigmund
  1642 | D:2      | Killed Sigmund
  1643 | D:2      | Reached skill level 3 in Axes
  1643 | D:2      | Gained mutation: Your natural rate of healing is unusually
                  | fast. [Vine Stalker growth]
  1643 | D:2      | Reached XP level 4. HP: 6/24 MP: 2/5
  1643 | D:2      | Reached XP level 5. HP: 7/28 MP: 2/6
  1870 | D:2      | Found Deitheet's Antique Weapon Shoppe.
  2033 | D:2      | Reached ** piety under Dithmenos
  2505 | D:3      | You fall into a shaft and drop 3 floors!
  2521 | D:5      | Entered Level 5 of the Dungeon
  2526 | D:5      | Reached skill level 1 in Stealth
  2526 | D:5      | Reached XP level 6. HP: 28/32 MP: 3/7
  2591 | D:5      | Noticed an ice beast
  2611 | D:5      | Killed an ice beast
  2612 | D:5      | Reached skill level 4 in Axes
  2612 | D:5      | Reached skill level 1 in Dodging
  2624 | D:5      | Noticed a water moccasin
  2640 | D:5      | Killed a water moccasin
  2641 | D:5      | Reached XP level 7. HP: 30/36 MP: 6/8
  3169 | D:4      | Reached skill level 5 in Axes
  3402 | D:3      | Noticed Natasha
  3409 | D:3      | Killed Natasha
  3614 | D:3      | Noticed Natasha
  3619 | D:3      | Killed Natasha
  3793 | D:3      | Reached *** piety under Dithmenos
  4040 | D:4      | Gained mutation: You have razor-sharp teeth. [Vine Stalker
                  | growth]
  4040 | D:4      | Reached XP level 8. HP: 42/42 MP: 7/9
  4534 | D:5      | Reached skill level 6 in Axes
  4988 | D:6      | Reached skill level 7 in Axes
  5148 | D:6      | Reached skill level 5 in Armour
  5148 | D:6      | Reached XP level 9. HP: 25/46 MP: 4/10
  5197 | D:6      | Reached skill level 5 in Shields
  5925 | D:6      | Found a staircase to the Ecumenical Temple.
  5934 | Temple   | Entered the Ecumenical Temple
  6732 | D:7      | Slain by an orc warrior

Illustrated notes

Levels and vault maps discovered:
D:1:      dpeg_arrival_ratfight, layout_rooms,
          shapermc_ecumenical_altar_mp_vishouse, minmay_tetromino_s2
D:2:      layout_basic, serial_shops, shop, uniq_sigmund
D:3:      layout_loops_cross, uniq_natasha
D:4:      layout_cave_pools
D:5:      layout_loops_cross, st_stairs_3
D:6:      layout_layer_cave, minmay_temple_entry_poolview, st_stairs_3
D:7:      layout_basic, riverfiend_overflow_shadow_ancestor, serial_shops,
          nicolae_shop_bloodbath_and_beyond, nicolae_square_shop, shop_statue,
          the_hattery, uniq_pikel
Temple:   mainiacjoe_temple_big_plus

Skill      XL: |  1  2  3  4  5  6  7  8  9 |
---------------+----------------------------+-----
Axes           | 2 3 4 5 7 |  7.2
Shields        | 3 4 5 |  5.0
Fighting       | 3 4 |  4.7
Armour         | 3 4 5 |  5.7
Stealth        | 1 |  1.4
Dodging        | 1 |  1.2
Evocations     | |  0.2

Action                   |  1- 3 |  4- 6 |  7- 9 || total
-------------------------+-------+-------+-------++-------
Melee: War axe           |    94 |    62 |   180 ||   336
       Bite              |    16 |    12 |    63 ||    91
Throw: Javelin           |       |     1 |     1 ||     2
Evoke: Wand              |       |       |     6 ||     6
  Use: Potion            |     1 |       |       ||     1
       Scroll            |       |     8 |     2 ||    10
Armor: Scale mail        |    64 |    11 |       ||    75
       Chain mail        |       |    22 |    11 ||    33
       Plate armour      |       |       |   101 ||   101
Dodge: Dodged            |    67 |    32 |    33 ||   132
Block: Buckler           |    28 |    46 |    68 ||   142
       Kite shield       |       |       |   114 ||   114
       Reflection        |       |       |    12 ||    12

Table legend: (Time is in decaauts)
 A = Elapsed time spent in this place.
 B = Non-inter-level travel time spent in this place.
 C = Inter-level travel time spent in this place.
 D = Time resting spent in this place.
 E = Time spent auto-exploring this place.
 F = Levels seen in this place.
 G = Mean time per level.
                   A        B        C        D        E       F      G
               +--------+--------+--------+--------+--------+-----+--------+
         Total |   6852 |   6570 |    282 |    961 |   3977 |   8 |  856.5 |
       Dungeon |   6447 |   6189 |    258 |    961 |   3608 |   7 |  921.0 |
        Temple |    405 |    381 |     24 |      0 |    369 |   1 |  405.0 |
               +--------+--------+--------+--------+--------+-----+--------+

Top non-repeatable levels by time:
     D:1: 1664 daAuts
     D:6: 1560 daAuts
     D:5: 934 daAuts
     D:2: 855 daAuts
     D:4: 777 daAuts
     D:3: 584 daAuts
  Temple: 405 daAuts
     D:7: 69 daAuts
